 Dungeon Crawl Stone Soup version 0.31.0-32-g396128a36d (webtiles) character file.

Game seed: 16443388403695670311

8590 BlackCrag the Basher (level 11, 0/151 HPs)
             Began as a Minotaur Berserker on Mar 8, 2024.
             Was an Elder of Trog.
             Incinerated by Henri's ghost (11 damage)
             ... with a sticky flame
             ... on level 9 of the Dungeon.
             The game lasted 00:26:05 (7214 turns).

BlackCrag the Basher (Minotaur Berserker)           Turns: 7214, Time: 00:26:06

Health: 0/151      AC: 19    Str: 26    XL:     11   Next: 11%
Magic:  0/10       EV:  8    Int:  4    God:    Trog [****..]
Gold:   566        SH:  0    Dex: 10    Spells: 10/10 levels left

rFire   . . .        v - +1 whip (flame)
rCold   . . .        t - orb {light}
rNeg    . . .        g - +0 plate armour
rPois   .            (helmet restricted)
rElec   .            c - +0 cloak
rCorr   .            x - +1 pair of gloves
SInv    .            J - +0 pair of boots
Will    +++..        q - amulet of guardian spirit Stlth
                     l - +4 ring of slaying
HPRegen 1.45/turn    n - ring of willpower
MPRegen 0.12/turn

%: guardian spirit
@: berserking (expiring), lethally poisoned (0 -> -38), on fire, strong-willed,
regenerating, slowed, glowing
A: horns 2, retaliatory headbutt
a: Renounce Religion, Berserk, Trog's Hand, Brothers in Arms


You were on level 9 of the Dungeon.
You worshipped Trog.
Trog was greatly pleased with you.
You visited 1 branch of the dungeon, and saw 9 of its levels.
You also visited: Ossuary.

You collected 566 gold pieces.

Inventory:

Hand Weapons
 v - a +1 whip of flaming (weapon)
Missiles
 E - a curare-tipped dart
 K - 5 javelins (quivered)
Armour
 c - a +0 cloak (worn)
 g - a +0 plate armour (worn)
 t - an orb of light (worn)
 x - a +1 pair of gloves (worn)
 I - a +1 ring mail of cold resistance
 J - a +0 pair of boots (worn)
Jewellery
 a - a ring of positive energy
 l - a +4 ring of slaying (left hand)
 n - a ring of willpower (right hand)
 q - an amulet of guardian spirit (around neck)
 u - a ring of willpower
 w - a ring of resist corrosion
 L - the ring "Ysiys" {rElec rC+ rCorr Int-5 Dex+9}
   (You found it on level 8 of the Dungeon)

   [ring of protection from cold]

   Int-5:     It affects your intelligence (-5).
   Dex+9:     It affects your dexterity (+9).
   rC+:       It protects you from cold.
   rElec:     It insulates you from electricity.
   rCorr:     It protects you from acid and corrosion.
Wands
 y - a wand of light (4)
 A - a wand of flame (32)
 G - a wand of roots (11)
 H - a wand of mindburst (15)
Scrolls
 d - a scroll of amnesia {unknown}
 h - a scroll of fog {unknown}
 i - a scroll of brand weapon {unknown}
 j - 2 scrolls of silence {unknown}
 k - 2 scrolls of noise {unknown}
 m - 2 scrolls of revelation {unknown}
 r - 2 scrolls of blinking
 B - 2 scrolls of vulnerability {unknown}
 C - 3 scrolls of teleportation
 D - a scroll of immolation {unknown}
 F - 2 scrolls of poison {unknown}
 N - a scroll of fear {unknown}
Potions
 b - 2 potions of mutation
 e - 4 potions of might
 f - 6 potions of heal wounds
 o - 2 potions of resistance
 p - 3 potions of curing
 s - a potion of invisibility {unknown}
 z - a potion of magic {unknown}


   Skills:
 * Level 10.8 Fighting
 * Level 13.8 Maces & Flails
 * Level 3.5 Throwing
 + Level 9.9 Armour
 + Level 4.2 Dodging
 + Level 2.5 Stealth
 + Level 0.1 Evocations


You had 10 spell levels left.
You didn't know any spells.
Your spell library was empty.

Dungeon Overview and Level Annotations

Branches:
Dungeon (9/15)             Temple (0/1) D:4            Lair (0/5) D:9
    Orc (0/2) D:9         Ossuary (visited)

Altars:
Cheibriados
Gozag
Kikubaaqudgha
Qazlal

Annotations:
D:9 Henri's ghost, journeyman OpAl


Innate Abilities, Weirdness & Mutations

You have a pair of horns on your head.
You reflexively headbutt those who attack you in melee.


Message History

Henri's ghost hits you but does no damage.
You are more poisoned.
You completely miss Henri's ghost.
Henri's ghost is moderately damaged.
You feel very sick.
You whack Henri's ghost! You burn Henri's ghost.
Henri's ghost is heavily damaged.
You feel very sick.
You are more poisoned.
Henri's ghost sprays you with burning goo.
The sticky flame hits you.
You are covered in intense liquid fire!
You closely miss Henri's ghost. You headbutt Henri's ghost!
Henri's ghost is heavily damaged.
The liquid fire burns you!
You feel very sick.
You miss Henri's ghost.
Henri's ghost is heavily damaged.
The liquid fire burns you!
You feel very sick.
* * * LOW HITPOINT WARNING * * *
You are more poisoned.
Henri's ghost hits you but does no damage.
You are more poisoned.
You are too berserk!
You thrash Henri's ghost!!
Henri's ghost is severely damaged.
The liquid fire burns you!
* * * LOW HITPOINT WARNING * * *
x2 You feel very sick.
You closely miss Henri's ghost. Your headbutt misses Henri's ghost.
Henri's ghost is severely damaged.
The liquid fire burns you!
* * * LOW HITPOINT WARNING * * *
x2 You feel very sick.
* * * LOW HITPOINT WARNING * * *
You are more poisoned.
Henri's ghost hits you but does no damage.
You are more poisoned.
You barely miss Henri's ghost. Your headbutt misses Henri's ghost.
Henri's ghost is severely damaged.
The liquid fire burns you!
You die...

#............#.#
#########.###.###.#
#..8.8..#.....# #.##
##.$$!.######.# #...
#.......# ### ####
###########.....## ########
#........#.......# #......#
#.##########W''#######......#
#.# #.@.....#..'..##..' #.#
#..........':.##..' #.#
###..#.#####..#...# #.#
##...# #...#..# #.# ###.#
#..#...# #.# #.# #..##..# #.#
### ##..##..# #.###
####)...#..# #...#####
##......#...#


You could see Henri's ghost (toxic aura).

Vanquished Creatures
  3 death yaks (D:8)
  A skeletal warrior (D:9)
  Pikel (D:5)
  An ugly thing (D:9)
  Maggie (D:6)
  A freezing wraith (D:9)
  A hornet (D:7)
  Prince Ribbit (D:6)
  A shadow (D:9)
  Sigmund (D:3)
  Eustachio (D:5)
  A wyvern (D:7)
  7 yaks (D:9)
  A water moccasin (D:5)
  4 orc warriors
  A sky beast (D:5)
  An ice beast (D:5)
  2 black bears
  A centaur (D:7)
  A phantom (D:5)
  A kobold brigand (D:7)
  Blork the orc (D:6)
  3 bullfrogs
  2 scorpions (D:6)
  8 killer bees
  2 howler monkeys (D:8)
  A bombardier beetle (D:7)
  2 jellies
  4 orc priests
  2 gnoll boudas
  2 hounds
  2 sleepcaps (D:6)
  Crazy Yiuf (D:3)
  A human zombie (Ossuary)
  2 iguanas
  7 orc wizards
  A hell rat (D:9)
  A hound zombie (Ossuary)
  4 mummies (Ossuary)
  11 gnolls
  3 river rats (D:9)
  10 adders
  2 shadow imps
  3 white imps
  3 ufetubi (D:7)
  4 adder zombies (Ossuary)
  4 dart slugs
  23 orcs
  7 ball pythons
  7 endoplasms
  3 giant cockroaches
  7 goblins
  8 hobgoblins
  13 kobolds
  7 quokkas
  5 bats
  3 frilled lizards
  A gnoll zombie (Ossuary)
  A hobgoblin zombie (Ossuary)
  2 jackal zombies (Ossuary)
  2 orc zombies (Ossuary)
  5 rats
213 creatures vanquished.

Notes
Turn   | Place    | Note
-------+----------+-------------------------------------------
     0 | D:1      | BlackCrag the Minotaur Berserker began the quest for the
                  | Orb.
     0 | D:1      | Reached XP level 1. HP: 19/19 MP: 0/0
   150 | D:1      | Reached skill level 4 in Maces & Flails
   150 | D:1      | Reached XP level 2. HP: 21/27 MP: 1/1
   722 | D:2      | Reached ** piety under Trog
  1054 | D:2      | Reached XP level 3. HP: 33/33 MP: 2/2
  1454 | D:2      | Reached XP level 4. HP: 41/41 MP: 3/3
  1532 | D:3      | Reached skill level 5 in Fighting
  1558 | D:3      | Found a faded altar of an unknown god.
  1651 | D:3      | Found a stormy altar of Qazlal.
  1710 | D:3      | Found a runed translucent door.
  1711 | D:3      | Noticed Crazy Yiuf
  1719 | D:3      | Killed Crazy Yiuf
  1720 | D:3      | Reached skill level 5 in Maces & Flails
  1981 | D:3      | Noticed Sigmund
  1990 | D:3      | Killed Sigmund
  1991 | D:3      | Reached skill level 6 in Maces & Flails
  1991 | D:3      | Reached XP level 5. HP: 46/48 MP: 2/4
  1991 | D:3      | Reached XP level 6. HP: 53/56 MP: 2/5
  2267 | D:4      | Found a staircase to the Ecumenical Temple.
  2379 | D:4      | Reached *** piety under Trog
  2507 | D:4      | Found an opulent altar of Gozag.
  2779 | D:5      | Entered Level 5 of the Dungeon
  2779 | D:5      | Noticed Eustachio
  2785 | D:4      | Reached skill level 7 in Maces & Flails
  2795 | D:5      | Noticed Pikel
  2816 | D:5      | Reached XP level 7. HP: 62/62 MP: 6/6
  2827 | D:5      | Killed Pikel
  2828 | D:5      | Reached skill level 8 in Maces & Flails
  2828 | D:5      | Reached skill level 1 in Stealth
  2847 | D:5      | Killed Eustachio
  2848 | D:5      | Reached skill level 9 in Maces & Flails
  2848 | D:5      | Reached XP level 8. HP: 55/71 MP: 5/7
  2947 | D:5      | Reached skill level 5 in Armour
  2949 | D:5      | Found a sand-covered staircase.
  2955 | Ossuary  | Entered an ossuary
  3130 | Ossuary  | Reached skill level 10 in Maces & Flails
  3562 | D:6      | Reached **** piety under Trog
  3579 | D:6      | Noticed Blork the orc
  3590 | D:6      | Killed Blork the orc
  3617 | D:6      | Noticed Prince Ribbit
  3622 | D:6      | Killed Prince Ribbit
  3623 | D:6      | Reached XP level 9. HP: 73/81 MP: 6/8
  3628 | D:6      | Reached skill level 11 in Maces & Flails
  3760 | D:6      | Noticed Maggie
  3773 | D:6      | Killed Maggie
  4411 | D:7      | Reached skill level 12 in Maces & Flails
  4617 | D:7      | Found a snail-covered altar of Cheibriados.
  5173 | D:8      | Found an ancient bone altar of Kikubaaqudgha.
  5279 | D:8      | Identified the ring "Ysiys" {rElec rC+ rCorr Int-5 Dex+9}
  5331 | D:8      | Reached XP level 10. HP: 82/91 MP: 7/9
  5524 | D:9      | Found a staircase to the Lair.
  5524 | D:9      | Noticed a death yak
  5524 | D:9      | Noticed a death yak
  5524 | D:9      | Noticed a death yak
  5543 | D:8      | Killed a death yak
  5544 | D:8      | Reached skill level 13 in Maces & Flails
  5544 | D:8      | Reached skill level 1 in Throwing
  5658 | D:8      | Killed a death yak
  5782 | D:8      | Killed a death yak
  5783 | D:8      | Reached skill level 10 in Fighting
  6269 | D:9      | Noticed a skeletal warrior
  6280 | D:9      | Killed a skeletal warrior
  6324 | D:9      | Noticed a green ugly thing
  6332 | D:9      | Killed a green ugly thing
  6682 | D:9      | Found a runed translucent gate.
  6683 | D:9      | Found a runed translucent gate.
  6684 | D:9      | Found a runed translucent gate.
  6685 | D:9      | Noticed Henri's ghost (journeyman OpAl)
  6828 | D:9      | Found a staircase to the Orcish Mines.
  6974 | D:9      | Reached XP level 11. HP: 101/101 MP: 10/10
  7214 | D:9      | Incinerated by Henri's ghost

Illustrated notes

Levels and vault maps discovered:
D:1:      erik_arrival_triangle_huge, layout_basic
D:2:      layout_basic
D:3:      layout_basic, grunt_qazlal_clouds, dreamdust_ecumenical_altar_grove,
          uniq_sigmund, uniq_crazy_yiuf_cottage
D:4:      layout_basic, nicolae_gozag_seed_capital, minmay_temple_entry_statues,
          hangedman_abyss_or_decor_stabs
D:5:      lemuel_ice_spiral_2, layout_rooms,
          lightli_ossuary_entry_decrepit_ruins, uniq_eustachio, uniq_pikel
D:6:      layout_cave_pools, uniq_prince_ribbit1, uniq_maggie,
          uniq_blork_the_orc
D:7:      minmay_skewed_foursquare, layout_loops_corners,
          mainiacjoe_overflow_six_doors_small
D:8:      layout_rooms, general_overflow_altar
D:9:      layout_basic, dpeg_lair_monsters, orc_0_dummy,
          gammafunk_ghost_spectres, hangedman_corner_corridor

Skill      XL: |  1  2  3  4  5  6  7  8  9 10 11 |
---------------+----------------------------------+-----
Maces & Flails | 4 6 7 9 10 12 13 | 13.8
Fighting       | 4 5 6 7 9 10 | 10.8
Armour         | 3 4 6 7 9 |  9.9
Dodging        | 3 4 |  4.2
Stealth        | 1 2 |  2.5
Throwing       | 3 |  3.5
Evocations     | |  0.1

Action                     |  1- 3 |  4- 6 |  7- 9 | 10-12 || total
---------------------------+-------+-------+-------+-------++-------
  Melee: Mace              |    55 |    76 |       |       ||   131
         Headbutt          |     5 |    15 |    54 |    43 ||   117
         Punch             |     1 |       |     1 |       ||     2
         Whip              |       |    23 |   226 |   126 ||   375
  Throw: Javelin           |       |       |     1 |     4 ||     5
 Invoke: Trog's Hand       |       |     2 |     2 |     1 ||     5
         Berserk           |       |     1 |     2 |     5 ||     8
  Evoke: Wand              |       |       |     1 |       ||     1
    Use: Scroll            |       |     4 |     5 |     3 ||    12
 Armour: Animal skin       |    16 |       |       |       ||    16
         Scale mail        |     9 |    73 |    49 |       ||   131
         Chain mail        |       |       |    13 |       ||    13
         Plate armour      |       |       |    48 |    63 ||   111
         Ring mail         |       |       |    16 |       ||    16
  Dodge: Dodged            |    42 |    49 |    75 |    17 ||   183
